 Dungeon Crawl Stone Soup version 0.13-b1-28-gc7b9293 (webtiles) character file.

19422 MirrMurr the Cleaver (level 12, -6/104 HPs)
             Began as a Minotaur Berserker on Oct 4, 2013.
             Was a High Priest of Trog.
             Shot with a poisoned arrow of flame by Nessos (29 damage)
             ... on Level 13 of the Dungeon.
             The game lasted 01:07:45 (11894 turns).

MirrMurr the Cleaver (Minotaur Berserker)          Turns: 11894, Time: 01:07:45

HP  -6/104       AC 21     Str 22      XL: 12   Next: 30%
MP   0/12        EV  7     Int  4      God: Trog [*****.]
Gold 713         SH  0     Dex 15      Spells:  0 memorised, 11 levels left

Res.Fire  : . . .   See Invis. : .   t - +2,+5 dwarf battleaxe (chop)
Res.Cold  : + . .   Warding    : .   A - +0 plate armour
Life Prot.: . . .   Conserve   : .   (no shield)
Res.Poison: .       Res.Corr.  : .   (helmet restricted)
Res.Elec. : .       Clarity    : .   L - +1 cloak
Sust.Abil.: . .     Spirit.Shd : +   V - +1 pair of dwarf gloves
Res.Mut.  : .       Stasis     : .   (no boots)
Res.Rott. : .       Flight     : .   j - amulet of guardian spirit
Saprovore : . . .                    D - ring of protection from cold
                                     G - +2 ring of protection

@: regenerating, invisible, very poisoned, very resistant to hostile
enchantments, extremely unstealthy
A: retaliatory headbutt, horns 2
a: Burn Spellbooks, Berserk, Trog's Hand, Brothers in Arms, Renounce Religion


You were on level 13 of the Dungeon.
You worshipped Trog.
Trog was extremely pleased with you.
You were not hungry.

You visited 2 branches of the dungeon, and saw 14 of its levels.

You collected 693 gold pieces.

Inventory:

Hand weapons
 a - a +1,+0 orcish war axe of holy wrath
 b - the +2,-1 broad axe of Wrath {freeze, rF+}
   (Trog gifted it to you on level 6 of the Dungeon)

   It has been specially enchanted to freeze those struck by it, causing extra
   injury to most foes and up to double damage against particularly susceptible
   opponents.
   It can also slow down cold-blooded creatures.
   It protects you from fire.
 c - a +0 blowgun
 t - a +2,+5 dwarven battleaxe of chopping (weapon)
 Q - the +7,+10 mace "Liosakow" {antimagic, rC+}
   (You found it on level 9 of the Dungeon)

   It disrupts the flow of magical energy around spellcasters and certain
   magical creatures (including the wielder).
   It protects you from cold.
Missiles
 d - 24 darts
 f - 26 stones (quivered)
 q - 27 poisoned needles
Armour
 A - a +0 plate armour (worn)
 L - a +1 cloak (worn)
 V - a +1 pair of dwarven gloves (worn)
Magical devices
 s - a wand of flame (8)
 F - a wand of teleportation (4)
 S - a wand of lightning (0)
 T - a wand of hasting (1)
 X - a wand of draining (5)
Comestibles
 g - 2 chunks of sheep flesh
 u - 7 meat rations
 H - 3 apples
 J - 2 pears
 N - 10 bread rations
Scrolls
 e - 4 scrolls of remove curse
 h - 3 scrolls of enchant armour
 i - 3 scrolls of magic mapping
 k - 3 scrolls of teleportation
 m - a scroll of recharging {recharge, unknown}
 p - a scroll of enchant weapon I {unknown}
 r - a scroll of blinking
 w - a scroll of curse weapon {unknown}
 y - a scroll of fog {unknown}
 E - a scroll of holy word {unknown}
 Z - a scroll of torment {unknown}
Jewellery
 j - an amulet of guardian spirit (around neck)
 x - a +2 ring of strength {unknown}
 C - an uncursed ring of sustain abilities
 D - a ring of protection from cold (right hand)
 G - a +2 ring of protection (left hand)
 R - a +6 ring of dexterity
Potions
 l - 2 potions of heal wounds
 n - 2 potions of might
 o - 9 potions of curing
 v - a potion of resistance {unknown}
 z - 2 potions of restore abilities
 B - 2 potions of flight
 I - 3 potions of speed


   Skills:
 + Level 10.8 Fighting
 + Level 14.1 Axes
 - Level 10.1 Armour
 - Level 10.1 Dodging
 - Level 6.4 Unarmed Combat
 + Level 4.3 Evocations


You had 11 spell levels left.
You didn't know any spells.

Dungeon Overview and Level Annotations

Branches:
Dungeon (13/27)            Temple (1/1) D:6             Orc (0/4) D:7
   Lair (0/8) D:10

Altars:
Ashenzari
Cheibriados
Elyvilon
Sif Muna
Vehumet
Xom
Zin
the Shining One
Jiyva

Shops:
D:6 }   D:7 %   D:8 *   D:9 (   D:10 =

Annotations:
D:2 1 exclusion
D:7 food
D:13 Nessos


Innate Abilities, Weirdness & Mutations

You reflexively headbutt those who attack you in melee.
You have a pair of horns on your head.


Message History

The poisoned arrow of flame hits you!
One of your 4 scrolls of teleportation catches fire!
You are more poisoned.
* * * LOW HITPOINT WARNING * * *
It hits you but does no damage.
Nessos shoots a poisoned arrow of flame.
The poisoned arrow of flame hits you!
You are more poisoned.
* * * LOW HITPOINT WARNING * * *
You see here 2 poisoned arrows.
Drink which item? (? for menu, Esc to quit)
You fade into invisibility!
* * * LOW HITPOINT WARNING * * *
You feel sick. It hits you.
* * * LOW HITPOINT WARNING * * *
Nessos shoots a poisoned arrow of flame.
The poisoned arrow of flame hits you!
Your scroll labeled WINIHEDEEPN catches fire!
You are more poisoned.
You die...

................#.....'....######
................#.....#....#
?..#####........#.....#....#
...#!$?#........#.....#....#
...#?$!#...(.).c#.....#....#
..#%!%#......#.#..####....#
.#####......#(...# .....#
.............#....# .....#
.............#.@..# .
.......#.....#....#
.######.##########
#......#.......# #......#.......#
#......#.......# #...)).'(......#
#....(.#%......# #....<.#.......#


You could see Nessos.

Vanquished Creatures
  Josephine (D:11)
  Erica (D:11)
  The ghost of bart the Geomancer, a powerful KoEE of Sif Muna (D:10)
  A centaur warrior (D:13)
  The ghost of epsilon the Bludgeoner, an experienced OgBe of Trog (D:8)
  The ghost of tsouns the Martial Artist, an experienced DrTm of Okawaru (D:7)
  2 hill giants
  Joseph (D:7)
  2 cyclopes
  The ghost of gildax the Shield-Bearer, an experienced GrFi of Okawaru (D:5)
  Maurice (D:11)
  Psyche (D:10)
  3 trolls
  A two-headed ogre (D:12)
  3 slime creatures (D:12)
  A trapdoor spider (D:11)
  A hill giant zombie (D:7)
  5 yaks
  Eustachio (D:7)
  4 hungry ghosts
  A merfolk (D:7)
  2 hippogriffs
  A wolf (D:6)
  A manticore (D:9)
  2 hill giant skeletons
  A necrophage (D:9)
  4 vampire mosquitoes (D:12)
  3 ice beasts
  3 phantoms
  3 centaurs
  5 orc warriors
  7 ogres
  A sky beast (D:8)
  A big kobold (D:9)
  7 giant frogs
  3 gnoll sergeants
  2 water moccasins
  2 cyclops skeletons (D:11)
  2 troll zombies
  11 killer bees
  A yak zombie (D:11)
  2 goliath beetles
  3 wights (D:9)
  8 crimson imps
  6 jellies
  A yellow wasp zombie (D:11)
  10 hounds
  8 orc priests
  3 big fish (D:7)
  7 orc wizards
  7 iguanas
  A quasit (D:11)
  2 gnoll shamans (D:6)
  3 worker ants
  3 scorpions
  2 killer bee zombies (D:5)
  4 ogre zombies (D:7)
  4 sheep (D:13)
  Ijyb (D:7)
  An ogre skeleton (D:5)
  A hound zombie (D:10)
  A soldier ant simulacrum (D:11)
  14 adders
  22 gnolls
  A lemure (D:7)
  A giant mite (D:3)
  2 inept feature mimics (D:4)
  A goliath beetle zombie (D:12)
  A shadow imp (D:7)
  5 worms
  An adder zombie (D:7)
  An iguana skeleton (D:11)
  2 giant eyeballs
  4 giant geckos
  3 oozes (D:6)
  54 orcs
  19 bats
  20 hobgoblins
  2 ball pythons
  6 giant cockroaches
  2 giant newts (D:3)
  13 goblins
  2 goblin skeletons (D:7)
  A goblin zombie (D:7)
  2 hobgoblin skeletons
  A hobgoblin zombie (D:7)
  23 jackals
  17 kobolds
  4 orc skeletons
  12 orc zombies
  2 quokkas
  A quokka zombie (D:8)
  15 rats
  3 ballistomycetes (D:12)
431 creatures vanquished.

Vanquished Creatures (collateral kills)
  Harold (D:12)
  A troll (D:12)
  3 slime creatures (D:12)
  A vampire mosquito (D:12)
  2 orcs (D:12)
8 creatures vanquished.

Vanquished Creatures (others)
  A giant spore (D:12)
  A toadstool (D:6)
2 creatures vanquished.

Grand Total: 441 creatures vanquished

Notes
Turn   | Place    | Note
--------------------------------------------------------------
     0 | D:1      | MirrMurr, the Minotaur Berserker, began the quest for the Orb.
     0 | D:1      | Reached XP level 1. HP: 19/19 MP: 0/0
   163 | D:1      | Reached skill level 4 in Axes
   450 | D:1      | Reached XP level 2. HP: 21/26 MP: 0/0
   969 | D:2      | Reached XP level 3. HP: 33/33 MP: 1/1
  1225 | D:2      | Found a shimmering altar of Xom.
  1226 | D:2      | Found a shimmering altar of Xom.
  1227 | D:2      | Found a shimmering altar of Xom.
  1230 | D:2      | Found a shimmering altar of Xom.
  1268 | D:2      | Reached skill level 5 in Axes
  1441 | D:2      | Acquired Trog's second power
  1694 | D:3      | Reached XP level 4. HP: 21/40 MP: 1/1
  1735 | D:3      | Noticed a giant frog
  1743 | D:3      | Killed a giant frog
  1743 | D:3      | Reached skill level 6 in Axes
  1743 | D:3      | Reached XP level 5. HP: 21/47 MP: 1/1
  2013 | D:3      | Reached skill level 5 in Fighting
  2108 | D:3      | Found a glowing golden altar of the Shining One.
  2604 | D:4      | Noticed an ogre
  2664 | D:3      | Reached skill level 7 in Axes
  2736 | D:4      | Reached XP level 6. HP: 26/55 MP: 2/2
  2817 | D:4      | Found a white marble altar of Elyvilon.
  3188 | D:4      | Killed an ogre
  3419 | D:5      | Entered Level 5 of the Dungeon
  3449 | D:5      | Reached skill level 8 in Axes
  3520 | D:5      | Reached XP level 7. HP: 61/61 MP: 2/2
  3677 | D:5      | Noticed gildax's ghost (experienced GrFi)
  3688 | D:5      | Killed gildax's ghost
  3688 | D:5      | Reached skill level 9 in Axes
  3742 | D:5      | Reached skill level 10 in Axes
  3742 | D:5      | Reached XP level 8. HP: 55/70 MP: 2/2
  3788 | D:5      | Acquired Trog's third power
  4285 | D:6      | Reached skill level 1 in Unarmed Combat
  4490 | D:6      | Found a staircase to the Ecumenical Temple.
  4496 | Temple   | Entered the Ecumenical Temple
  4612 | D:6      | Reached skill level 5 in Dodging
  4761 | D:6      | Reached XP level 9. HP: 71/77 MP: 3/3
  4837 | D:6      | Found Tapor's Gadget Shop.
  4868 | D:6      | Reached skill level 11 in Axes
  5079 | D:6      | Received a gift from Trog
  5083 | D:6      | Got an ebony broad axe {god gift}
  5084 | D:6      | Identified the broad axe of Wrath {god gift, freeze, rF+} (Trog gifted it to you on level 6 of the Dungeon)
  5089 | D:6      | Found a viscous altar of Jiyva.
  5425 | D:7      | Found Cutt's Food Shoppe.
  5643 | D:7      | Noticed tsouns' ghost (experienced DrTm)
  5654 | D:7      | Killed tsouns' ghost
  5654 | D:7      | Reached skill level 5 in Unarmed Combat
  5750 | D:7      | Reached XP level 10. HP: 60/84 MP: 3/3
  5760 | D:7      | Noticed Joseph
  5761 | D:7      | Noticed Eustachio
  5772 | D:7      | Killed Joseph
  5772 | D:7      | Reached skill level 12 in Axes
  5794 | D:7      | Killed Eustachio
  5878 | D:7      | Found a staircase to the Orcish Mines.
  5963 | D:7      | Noticed Ijyb
  5972 | D:7      | Killed Ijyb
  6693 | D:8      | Reached skill level 10 in Dodging
  6873 | D:8      | Found Staeror's Assorted Antiques.
  6961 | D:8      | Found a shattered altar of Ashenzari.
  7217 | D:8      | Noticed epsilon's ghost (experienced OgBe)
  7231 | D:8      | Killed epsilon's ghost
  7860 | D:9      | Got a crystal mace
  8120 | D:9      | Found Klant's Weapon Shop.
  8294 | D:9      | Reached skill level 5 in Armour
  8398 | D:9      | Reached XP level 11. HP: 84/93 MP: 3/3
  8569 | D:10     | Entered Level 10 of the Dungeon
  8725 | D:10     | Found a staircase to the Lair.
  9001 | D:10     | Found Kidauch's Jewellery Shop.
  9104 | D:10     | Noticed Psyche
  9110 | D:10     | Killed Psyche
  9244 | D:10     | Noticed bart's ghost (powerful KoEE)
  9263 | D:10     | Killed bart's ghost
  9263 | D:10     | Reached skill level 13 in Axes
  9593 | D:10     | Noticed a hill giant
  9602 | D:10     | Killed a hill giant
  9660 | D:11     | Noticed Josephine
  9668 | D:11     | Reached skill level 10 in Fighting
  9687 | D:11     | Killed Josephine
  9794 | D:11     | Noticed Maurice
  9802 | D:11     | Killed Maurice
 10055 | D:10     | Identified the mace "Liosakow" {antimagic, rC+} (You found it on level 9 of the Dungeon)
 10314 | D:11     | Noticed Erica
 10323 | D:11     | Killed Erica
 10323 | D:11     | Reached skill level 1 in Evocations
 10792 | D:12     | Noticed Harold
 10820 | D:12     | Killed Harold
 10880 | D:12     | Received a gift from Trog
 10967 | D:12     | Reached XP level 12. HP: 54/103 MP: 7/10
 11455 | D:12     | Noticed a hill giant
 11467 | D:12     | Killed a hill giant
 11467 | D:12     | Reached skill level 10 in Armour
 11690 | D:12     | Reached skill level 14 in Axes
 11842 | D:13     | Found a glowing silver altar of Zin.
 11843 | D:13     | Noticed an angel
 11888 | D:13     | Noticed Nessos
 11894 | D:13     | Shot with a poisoned arrow of flame by Nessos

Action                   |  1- 3 |  4- 6 |  7- 9 | 10-12 || total
-------------------------+-------+-------+-------+-------++-------
Melee: Hand axe          |    83 |   149 |    21 |       ||   253
       War axe           |       |       |   187 |   223 ||   410
       Broad axe         |       |       |    96 |   290 ||   386
       Battleaxe         |       |       |       |    96 ||    96
Throw: Stone             |       |       |     9 |     4 ||    13
Invok: Berserk           |       |     2 |     1 |     4 ||     7
       Trog's Hand       |       |       |     2 |     5 ||     7
       Brothers in Arms  |       |       |       |     2 ||     2
Evoke: Wand              |       |       |       |     7 ||     7
  Use: Scroll            |       |     4 |    13 |    11 ||    28
       Potion            |       |     1 |       |     3 ||     4
